 Dungeon Crawl Stone Soup version 0.29.0-4-gdea44cf6ec (webtiles) character file.

Game seed: 14184592325827391093

98 qw the Ruffian (level 4, 0/35 HPs)
             Began as a Ghoul Fire Elementalist on Aug 29, 2022.
             Slain by a gnoll
             ... wielding a +0 flail
              (2 damage)
             ... on level 5 of the Dungeon.
             The game lasted 00:01:58 (2349 turns).

qw the Ruffian (Ghoul Fire Elementalist)            Turns: 2349, Time: 00:01:58

Health: 0/35       AC:  6    Str: 16    XL:     4   Next: 69%
Magic:  5/5        EV:  7    Int: 10    God:
Gold:   138        SH:  7    Dex:  9    Spells: 5/6 levels left

rFire   . . .      SeeInvis .     - Unarmed
rCold   + + .      Faith    .   k - +0 kite shield
rNeg    + + +      Spirit   .   b - +0 scale mail
rPois   inf        Reflect  .   (no helmet)
rElec   .          Harm     .   (no cloak)
rCorr   +          Rampage  .   (no gloves)
Will    .....                   (no boots)
Stlth   ..........              (no amulet)
HPRegen 0.00/turn               c - ring of the Forging Gods {Contam rPois rCorr Str+3}
MPRegen 0.09/turn               Y - ring of protection from cold

@: inhibited regen
A: claws 1, cold resistance 1, negative energy resistance 3, inhibited
regeneration, torment resistance 2, devour on kill
a: no special abilities


You were on level 5 of the Dungeon.
You visited 1 branch of the dungeon, and saw 5 of its levels.

You collected 138 gold pieces.


Innate Abilities, Weirdness & Mutations

You are immune to poison.
You have sharp fingernails.
Your flesh is cold resistant. (rC+)
You are immune to negative energy. (rN+++)
You do not regenerate when monsters are visible.
You are immune to unholy pain and torment.
You thrive by killing the living.


   Skills:
 - Level 1.0 Fighting
 - Level 1.7 Dodging
 - Level 2.1 Stealth
 - Level 2.0 Shields
 + Level 3.3 Unarmed Combat
 - Level 1.7 Spellcasting
 - Level 0.7 Conjurations
 - Level 2.4 Fire Magic


You had 5 spell levels left.
You knew the following spells:

 Your Spells              Type           Power      Damage    Failure   Level
a - Foxfire               Conj/Fire      16%        2x1d4     91%         1

Your spell library contained the following spells:

 Spells                   Type           Power      Damage    Failure   Level
 Scorch                   Fire           10%        2d5       93%         2
 Conjure Flame            Conj/Fire      4%         6-21      100%        3
 Inner Flame              Hex/Fire       3%         N/A       100%        3
 Flame Wave               Conj/Fire      4%         2d5       100%        4

Inventory:

Missiles
 j - 3 javelins (quivered)
Armour
 b - a +0 scale mail (worn)
 k - a +0 kite shield (worn)
Jewellery
 a - a ring of fire
 c - the ring of the Forging Gods (left claw) {Contam rPois rCorr Str+3}
   (You acquired it on level 6 of the Dungeon)

   [ring of resist corrosion]

   Str:       It affects your strength (+3).
   rPois:     It protects you from poison.
   Contam:    It causes magical contamination when unequipped.
   rCorr:     It protects you from acid and corrosion.
 Y - a ring of protection from cold (right claw)
Potions
 d - a potion of lignification {unknown}
 f - a potion of heal wounds {unknown}
 h - 3 potions of curing

Dungeon Overview and Level Annotations

Branches:
Dungeon (6/15)
 Temple: D:4-7

Altars:
Fedhas
Kikubaaqudgha
Qazlal
Xom


Message History

The gnoll attacks as you move away! You block the gnoll's attack.
2336 ||| Stepping ~*~*~tactically~*~*~ (outnumbered).
The gnoll attacks as you move away! The gnoll hits you with a +0 club.
Found a scroll of enchant armour.
The gnoll shouts!
2337 ||| Stepping ~*~*~tactically~*~*~ (outnumbered).
The gnoll attacks as you move away! The gnoll hits you with a +0 club.
The gnoll throws a throwing net.
The throwing net hits you.
You become entangled in the net!
You see here a throwing net.
You struggle against the net.
You struggle against the net.
You shred the net and break free! The gnoll hits you with a +0 flail!
You scratch the gnoll.
The gnoll is lightly wounded.
2342 ||| Stepping ~*~*~tactically~*~*~ (outnumbered).
The gnoll attacks as you move away! You block the gnoll's attack.
You closely miss the gnoll.
The gnoll is lightly wounded.
The gnoll hits you with a +0 flail.
You scratch the gnoll.
The gnoll is moderately wounded.
You block the gnoll's attack.
You scratch the gnoll.
The gnoll is moderately wounded.
The gnoll hits you with a +0 flail.
You scratch the gnoll but do no damage.
The gnoll is moderately wounded.
You block the gnoll's attack.
You barely miss the gnoll.
The gnoll is moderately wounded.
The gnoll hits you with a +0 flail.
You scratch the gnoll.
The gnoll is heavily wounded.
The gnoll barely misses you.
You scratch the gnoll.
The gnoll is almost dead.
The gnoll hits you with a +0 flail.
You die...

###########
#gg@....?..
#g#########
#......[.
#>.######
#..# #....
#..### #..#
#..#


You could see 3 gnolls.

Vanquished Creatures
  5 adders
  A worm (D:2)
  An orc (D:3)
  4 ball pythons
  3 bats
  2 endoplasms
  6 giant cockroaches
  6 hobgoblins
  5 kobolds
  2 quokkas
  2 frilled lizards
  3 goblins
  8 rats
48 creatures vanquished.

Notes
Turn   | Place    | Note
-------+----------+-------------------------------------------
     0 | D:1      | qw the Ghoul Fire Elementalist began the quest for the Orb.
     0 | D:1      | Reached XP level 1. HP: 14/14 MP: 2/2
     0 | D:1      | 0 ||| qw: Version: 0.1-a-90-g952f4b7
     0 | D:1      | 0 ||| qw: Game counter: 3950
     0 | D:1      | 0 ||| qw: Always use a shield: true
     0 | D:1      | 0 ||| qw: God list: Okawaru
     0 | D:1      | 0 ||| qw: Allow faded altars: false
     0 | D:1      | 0 ||| qw: Do Orc after D:15 true
     0 | D:1      | 0 ||| qw: Do second Lair branch before Depths: true
     0 | D:1      | 0 ||| qw: Lair rune preference: random
     0 | D:1      | 0 ||| qw: Plans: Normal
     0 | D:1      | 0 ||| PLANNING D:1-11
   101 | D:1      | Reached skill level 1 in Unarmed Combat
   266 | D:1      | Reached skill level 1 in Fighting
   266 | D:1      | Reached XP level 2. HP: 21/23 MP: 3/3
   788 | D:1      | 788 ||| UPGRADING to +0 leather armour.
   798 | D:1      | 798 ||| DROPPING +0 robe.
   799 | D:1      | 799 ||| UPGRADING to +0 ring mail.
   809 | D:1      | 809 ||| DROPPING +0 leather armour.
   810 | D:1      | 810 ||| UPGRADING to +0 kite shield.
   815 | D:1      | 815 ||| READING scroll labelled NEPLOO KESI.
   816 | D:1      | 816 ||| READING scroll labelled TOZUIM SEUNISO.
   817 | D:1      | 817 ||| READING scroll labelled EKUV GOSUWE.
   818 | D:1      | 818 ||| DRINKING 3 cyan potions.
   819 | D:1      | 819 ||| DROPPING potion of magic.
   917 | D:2      | Found a faded altar of an unknown god.
   995 | D:2      | Reached skill level 1 in Shields
   995 | D:2      | Reached XP level 3. HP: 28/28 MP: 4/4
  1021 | D:2      | Reached skill level 2 in Unarmed Combat
  1572 | D:2      | Reached skill level 3 in Unarmed Combat
  1870 | D:2      | 1870 ||| UPGRADING to +0 scale mail.
  1880 | D:2      | 1880 ||| DROPPING +0 ring mail.
  1881 | D:2      | 1881 ||| UPGRADING to ring of protection from cold.
  1882 | D:2      | 1882 ||| UPGRADING to ring of fire.
  1883 | D:2      | 1883 ||| READING scroll labelled VIOQA ROSU.
  1946 | D:3      | Reached XP level 4. HP: 32/35 MP: 5/5
  1992 | D:3      | Found an ancient bone altar of Kikubaaqudgha.
  1994 | D:3      | Found a blossoming altar of Fedhas.
  2004 | D:3      | 2004 ||| Stepping ~*~*~tactically~*~*~ (stealth).
  2023 | D:3      | Found a shimmering altar of Xom.
  2153 | D:3      | Identified the +0 leather armour of the Planets {rPois
                  | Dex+4}
  2167 | D:3      | 2167 ||| Stepping ~*~*~tactically~*~*~ (stealth).
  2168 | D:3      | 2168 ||| Stepping ~*~*~tactically~*~*~ (stealth).
  2266 | D:3      | Found a stormy altar of Qazlal.
  2300 | D:3      | You fall into a shaft and drop 3 floors!
  2313 | D:6      | 2313 ||| DROPPING +0 leather armour of the Planets {rPois
                  | Dex+4}.
  2314 | D:6      | 2314 ||| READING scroll labelled ADYP SIWEVONKY.
  2315 | D:6      | 2315 ||| READING scroll labelled PEAQULU JEUVVA.
  2316 | D:6      | 2316 ||| READING scroll labelled KEHODY NUSCHI.
  2316 | D:6      | Identified a scroll of acquirement
  2316 | D:6      | 2316 ||| ACQUIRING ring of the Forging Gods {Contam rPois
                  | rCorr Str+3}
  2316 | D:6      | Acquired the ring of the Forging Gods {Contam rPois rCorr
                  | Str+3}
  2318 | D:6      | 2318 ||| UPGRADING to ring of the Forging Gods {Contam
                  | rPois rCorr Str+3}.
  2320 | D:6      | 2320 ||| REMOVING ring of fire.
  2321 | D:6      | 2321 ||| UPGRADING to ring of protection from cold.
  2330 | D:5      | Entered Level 5 of the Dungeon
  2334 | D:5      | 2334 ||| Stepping ~*~*~tactically~*~*~ (outnumbered).
  2335 | D:5      | 2335 ||| Stepping ~*~*~tactically~*~*~ (stealth).
  2336 | D:5      | 2336 ||| Stepping ~*~*~tactically~*~*~ (outnumbered).
  2337 | D:5      | 2337 ||| Stepping ~*~*~tactically~*~*~ (outnumbered).
  2342 | D:5      | 2342 ||| Stepping ~*~*~tactically~*~*~ (outnumbered).
  2343 | D:5      | HP: 6/35 [gnoll/+0 flail (4)]
  2347 | D:5      | HP: 2/35 [gnoll/+0 flail (1)]
  2349 | D:5      | Slain by a gnoll

Levels and vault maps discovered:
D:1:      lemuel_arrival_broad_hall, layout_loops_ring
D:2:      layout_loops_cross, ebering_ecumenical_altar_mist,
          nicolae_figureground_pulse
D:3:      layout_basic, grunt_temple_overflow_growth_and_decay,
          mainiacjoe_overflow_small_starburst, mainiacjoe_overflow_brackets
D:5:      layout_basic, lemuel_crystal_altar, uniq_eustachio
D:6:      layout_gridville, slow_altar_1, mainiacjoe_overflow_tiny_flanked,
          nicolae_gozag_seed_capital, minmay_temple_entry_poolview,
          hellmonk_bongcloud_opening, minmay_manual_moon

Skill      XL: |  1  2  3  4 |
---------------+-------------+-----
Unarmed Combat | 1 3 |  3.3
Fighting       | 1 |  1.0
Shields        | 1 2 |  2.0
Dodging        | |  1.7
Stealth        | |  2.1
Spellcasting   | |  1.7
Conjurations   | |  0.7
Fire Magic     | |  2.4

Action                   |  1- 3 |  4- 6 || total
-------------------------+-------+-------++-------
Melee: Unarmed           |   117 |    59 ||   176
Throw: Javelin           |    24 |     8 ||    32
  Use: Scroll            |     4 |     3 ||     7
       Potion            |     1 |       ||     1
Armor: Robe              |     9 |       ||     9
       Ring mail         |    14 |       ||    14
       Scale mail        |     6 |    25 ||    31
Dodge: Dodged            |    55 |    13 ||    68
Block: Kite shield       |    17 |    25 ||    42

Table legend:
 A = Non-vault XP
 B = Vault XP
 C = Vault XP percentage of total XP
 D = Non-vault monster count
 E = Vault monster count
 F = Vault count percentage of total count
                 A         B        C        D         E       F
            +---------+---------+-------+---------+---------+-------
      Total |     140 |       0 |   0.0 |      48 |       0 |   0.0
            +---------+---------+-------+---------+---------+-------
        D:1 |      23 |       0 |   0.0 |      15 |       0 |   0.0
        D:2 |      58 |       0 |   0.0 |      20 |       0 |   0.0
        D:3 |      59 |       0 |   0.0 |      13 |       0 |   0.0
            +---------+---------+-------+---------+---------+-------
